 Dungeon Crawl Stone Soup version 0.24.1-8-ga250c9d538 (webtiles) character file.

Game seed: 7809043918418703878, levelgen mode: deterministic

33 Peloso the Skirmisher (level 3, 29/29 HPs)
             Began as a Demonspawn Fighter on Apr 30, 2020.
             Got out of the dungeon alive.
             The game lasted 00:01:13 (574 turns).

Peloso the Skirmisher (Demonspawn Fighter)           Turns: 574, Time: 00:01:14

Health: 29/29      AC:  8    Str: 17    XL:     3   Next: 12%
Magic:  3/3        EV:  7    Int:  9    God:
Gold:   41         SH:  9    Dex: 12    Spells: 2/2 levels left

rFire    . . .     SeeInvis .   a - +0 long sword
rCold    . . .     Gourm    .   c - +0 shield
rNeg     . . .     Faith    .   b - +0 scale mail
rPois    +         Spirit   .   (helmet restricted)
rElec    .         Reflect  .   (no cloak)
rCorr    .         Harm     .   (no gloves)
MR       .....                  (no boots)
Stlth    ..........             (no amulet)
HPRegen  0.09/turn              h - ring of poison resistance
MPRegen  0.08/turn              (no ring)

@: no status effects
A: antennae 1, yellow scales 1
a: no special abilities


You escaped.
You were not hungry.

You visited 1 branch of the dungeon, and saw 1 of its levels.

You collected 41 gold pieces.

Inventory:

Hand Weapons
 a - a +0 long sword (weapon)
Armour
 b - a +0 scale mail (worn)
 c - a +0 shield (worn)
Jewellery
 h - a ring of poison resistance (left hand)
Scrolls
 g - a scroll of identify {unknown}
 i - a scroll of teleportation {unknown}
Potions
 d - a potion of might
 e - 2 potions of curing {unknown}
Comestibles
 f - 3 rations


   Skills:
 + Level 3.4 Fighting
 + Level 2.3 Long Blades
 + Level 2.8 Armour
 + Level 3.0 Shields


You had 2 spell levels left.
You didn't know any spells.
Your spell library was empty.

Dungeon Overview and Level Annotations

Branches:
Dungeon (1/15)

Altars:


Innate Abilities, Weirdness & Mutations

You have a pair of small antennae on your head.
You are partially covered in yellow scales. (AC +2)


Message History

The ooze is severely wounded.
You block the ooze's attack. x2
You hit the ooze.
You kill the ooze!
You see here a +0 club.
(D) Dungeon
Where to? (? - help)
What level of the Dungeon? (default 1, ? - help)
Items here: )) †† a +0 club; a +0 short sword; a goblin corpse; a kobold corpse
There is an open door here.
You enter the shallow water.
Moving in this stuff is going to be slow.
There is an open door here.
There is a staircase leading out of the dungeon here.
Unknown command.
Are you sure you want to leave the Dungeon?
This will make you lose the game!
Uppercase [Y]es or [N]o only, please.
Are you sure you want to leave the Dungeon?
This will make you lose the game!
You have escaped!

...# .#.# . .#.# .
##+## .#.# ##. #...#
.#.# #.#####...#####
.#.# #.#≈≈.#...#.≈≈#
.#>######.#≈≈.#...#[≈≈#
........#.#≈..#...#..≈#
.#.##.....'≈..'.@.'..≈#
##.##.###.#≈..#...#..≈#
##.##.# #.#≈≈.#...#.≈≈#
#..#.# #.#≈≈.#...#.≈≈#
##.#.# #.#####(..#####
#.#.# ##. #...# #.#.# .
##+## #.#.# .
###.#.#####


There were no monsters in sight!

Vanquished Creatures
  An ooze (D:1)
  2 dart slugs (D:1)
  A leopard gecko (D:1)
  2 giant cockroaches (D:1)
  5 goblins (D:1)
  2 hobgoblins (D:1)
  2 bats (D:1)
  A frilled lizard (D:1)
  4 kobolds (D:1)
  2 rats (D:1)
22 creatures vanquished.

Notes
Turn   | Place    | Note
-------+----------+-------------------------------------------
     0 | D:1      | Peloso the Demonspawn Fighter began the quest for the Orb.
     0 | D:1      | Reached XP level 1. HP: 18/18 MP: 1/1
   168 | D:1      | Gained mutation: You are partially covered in yellow
                  | scales. (AC +2) [demonic ancestry]
   168 | D:1      | Reached XP level 2. HP: 20/24 MP: 2/2
   534 | D:1      | Gained mutation: You have a pair of small antennae on your
                  | head. [demonic ancestry]
   534 | D:1      | Reached XP level 3. HP: 29/29 MP: 3/3
   574 | D:$      | Got out of the dungeon alive.

Levels and vault maps discovered:
D:1:      dpeg_arrival_yet_another_circle, layout_loops_ring,
          serial_co_window_serial, co_window_of_opportunity_a,
          co_window_paths_a, co_window_of_opportunity_a,
          co_window_of_opportunity_a, co_window_paths_a, co_window_paths_a,
          co_window_paths_a, co_window_broadway_a, co_window_corner_ca,
          co_window_corner_b, co_window_corner_cb, co_window_unsneaky_path_d,
          co_window_of_opportunity_c, glass_columns_a

Skill      XL: |  1  2 |
---------------+-------+-----
Shields        | 3 |  3.0
Long Blades    | 2 |  2.3
Fighting       | |  3.4
Armour         | |  2.8

Action                   || total
-------------------------++-------
Melee: Long sword        ||    66
Armor: Scale mail        ||    26
Dodge: Dodged            ||    20
Block: Shield            ||    32
       Rpst.: Long sword ||     7
